 Dungeon Crawl Stone Soup version 0.29-a0-813-g4a14ea37d6 (webtiles) character file.

Game seed: 8204108370637521844

1206 polve the Trooper (level 8, -3/100 HPs)
             Began as a Demonspawn Fighter on July 4, 2022.
             Slain by an acid dragon (8 damage)
             ... on level 6 of the Dungeon.
             The game lasted 00:03:15 (5210 turns).

polve the Trooper (Demonspawn Fighter)              Turns: 5210, Time: 00:03:16

Health: -3/100     AC: 20    Str: 20    XL:     8   Next: 21%
Magic:  8/8        EV:  2    Int:  9    God:
Gold:   204        SH:  4    Dex: 12    Spells: 7/7 levels left

rFire   . . .      SeeInvis +   a - +0 war axe
rCold   . . .      Faith    .   c - +0 buckler
rNeg    . . .      Spirit   .   (body armour currently unavailable)
rPois   +          Reflect  .   (helmet currently unavailable)
rElec   .          Harm     .   (cloak currently unavailable)
rCorr   .          Rampage  .   (gloves currently unavailable)
Will    .....      NoTele   +   (boots currently unavailable)
Stlth   +.........              v - amulet of regeneration
HPRegen 1.06/turn               n - ring of see invisible
MPRegen 0.11/turn               (no ring)

@: mighty, tree-form, corroded
A: stationary, stasis, torment immunity, boosted hp, (molten scales 2), (spiny
1), (weakness stinger 1)
a: no special abilities


You were on level 6 of the Dungeon.
You were a tree.
You visited 1 branch of the dungeon, and saw 6 of its levels.
You also visited: Ossuary.

You collected 204 gold pieces.

Inventory:

Hand Weapons
 a - a +0 war axe (weapon)
Armour
 b - a +0 scale mail (melded)
 c - a +0 buckler (worn)
 m - a +0 pair of boots (melded)
Jewellery
 n - a ring of see invisible (left branch)
 v - an amulet of regeneration (around neck)
 C - an amulet of the acrobat
Scrolls
 e - a scroll of fear {unknown}
 f - a scroll of summoning {unknown}
 h - a scroll of vulnerability {unknown}
 i - 11 scrolls of identify {unknown}
 j - 3 scrolls of enchant weapon {unknown}
 l - 5 scrolls of teleportation {unknown}
 p - 4 scrolls of noise {unknown}
 s - a scroll of blinking {unknown}
 u - a scroll of amnesia {unknown}
 w - 2 scrolls of enchant armour {unknown}
 y - a scroll of magic mapping {unknown}
Potions
 d - 4 potions of might
 g - 7 potions of lignification
 k - 4 potions of heal wounds {unknown}
 o - a potion of flight {unknown}
 q - a potion of curing {unknown}
 r - 2 potions of attraction {unknown}
 t - a potion of haste {unknown}
 x - a potion of experience {unknown}
 z - a potion of brilliance {unknown}
 A - a potion of resistance {unknown}
 B - a potion of berserk rage {unknown}


   Skills:
 + Level 7.6 Fighting
 + Level 6.6 Axes
 - Level 2.6 Armour
 - Level 2.6 Shields


You had 7 spell levels left.
You didn't know any spells.
Your spell library contained the following spells:

 Spells                   Type           Power      Damage    Failure   Level
 Beastly Appendage        Tmut           0%         N/A       47%         1
 Wereblood                Tmut           0%         N/A       63%         2
 Dazzling Flash           Conj/Hex       0%         N/A       85%         3
 Spider Form              Tmut/Pois      0%         N/A       85%         3
 Agony                    Necr           0%         N/A       100%        5
 Silence                  Hex/Air        0%         N/A       100%        5


Dungeon Overview and Level Annotations

Branches:
Dungeon (6/15)            Ossuary (visited)
 Temple: D:4-7

Altars:
Cheibriados
Gozag
Kikubaaqudgha
Qazlal
Uskayaw
Vehumet
Xom

Shops:
D:1 ?

Annotations:
D:3 3 runed translucent doors, Peppero's ghost, amateur GnEE


Innate Abilities, Weirdness & Mutations

You are a tree.
Your roots penetrate the ground, keeping you stationary.
You cannot be teleported.
You are immune to unholy pain and torment.
Your maximum health is greatly increased.
Your equipment is partially melded.
((You are mostly covered in molten scales. (AC +3)))
((You are partially covered in sharp spines.))
((You have a small tail.))


Message History

You are too injured to fight recklessly!
You are too injured to fight recklessly!
You are too injured to fight recklessly!
You are too injured to fight recklessly!
You are too injured to fight recklessly!
You closely miss the necrophage.
You hear a shout! x2
The necrophage is struck by your spines.
The necrophage closely misses you.
You slash the necrophage!
You tail-slap the necrophage, but do no damage.
The necrophage is heavily damaged.
You block the necrophage's attack.
You feel very mighty all of a sudden. The acid dragon bites you.
The acid dragon claws you but does no damage.
The necrophage hits you but does no damage.
You slash the acid dragon!
The acid dragon is moderately wounded.
You slash the necrophage!
The necrophage is struck by your spines.
The necrophage hits you.
You feel drained. The acid dragon bites you. The acid dragon claws you.
The necrophage is struck by your spines.
You destroy the necrophage!
The acid dragon spits acid at you. The splash of acid hits you!!
* * * LOW HITPOINT WARNING * * *
You hear a shout! x2
Your life force feels restored.
It was a potion of lignification.
You turn into a tree.
Your +0 pair of boots melds into your body.
Your +0 scale mail melds into your body.
Your roots penetrate the ground.
The acid dragon bites you.
* * * LOW HITPOINT WARNING * * *
You block the acid dragon's attack.
You barely miss the acid dragon.
The acid dragon is moderately wounded.
The acid dragon bites you!
You die...

#. .. #.##......#
#.#.#.##...##.##
#.#.#.##...#...# ##
#.#.#.#......_. ..#
#.#.#.#..# #... ...#
#.#.#.)..# #.##....##
#.#.#....# #.♣.......
.##.#)#..<.####..D...##.
.....))..........[...#
###.#)#.........######
......#..........)..
###.###.###########.#
........# ###.###.# #.#
..#


You could see an acid dragon (catching breath).

Vanquished Creatures
  Menkaure (D:5)
  A black bear (D:4)
  An orc warrior (D:6)
  An ogre (D:4)
  Blork the orc (D:5)
  A necrophage (D:6)
  2 water moccasin zombies (Ossuary)
  3 hounds
  3 orc priests
  5 iguanas (D:5)
  2 mummies (Ossuary)
  4 gnolls (D:3)
  8 adders
  4 adder zombies (Ossuary)
  2 worms
  3 dart slugs
  10 orcs
  5 ball pythons
  3 endoplasms
  A giant cockroach (D:4)
  5 gnoll zombies (Ossuary)
  13 goblins
  4 hobgoblins
  3 jackals
  5 quokkas
  4 bats
  3 frilled lizards (D:1)
  6 hobgoblin zombies (Ossuary)
  6 kobolds
  6 kobold zombies (Ossuary)
  An orc zombie (Ossuary)
  12 rats
129 creatures vanquished.

Vanquished Creatures (others)
  9 plants
9 creatures vanquished.

Grand Total: 138 creatures vanquished

Notes
Turn   | Place    | Note
-------+----------+-------------------------------------------
     0 | D:1      | polve the Demonspawn Fighter began the quest for the Orb.
     0 | D:1      | Reached XP level 1. HP: 18/18 MP: 1/1
   151 | D:1      | Gained mutation: You are partially covered in molten
                  | scales. (AC +2) [demonic ancestry]
   151 | D:1      | Reached XP level 2. HP: 24/24 MP: 2/2
   195 | D:1      | Found a faded altar of an unknown god.
   469 | D:1      | Found Berogohu's Magic Scroll Shoppe.
   715 | D:1      | You fall into a shaft and drop 1 floor!
  1024 | D:2      | Reached XP level 3. HP: 21/30 MP: 3/3
  1416 | D:2      | Reached skill level 4 in Fighting
  1576 | D:2      | Gained mutation: You are mostly covered in molten scales.
                  | (AC +3) [demonic ancestry]
  1576 | D:2      | Reached XP level 4. HP: 36/37 MP: 4/4
  2065 | D:3      | Found a radiant altar of Vehumet.
  2071 | D:3      | Found an opulent altar of Gozag.
  2195 | D:3      | Found a runed translucent gate.
  2195 | D:3      | Found a runed translucent gate.
  2195 | D:3      | Found a runed translucent gate.
  2196 | D:3      | Noticed Peppero's ghost (amateur GnEE)
  2206 | D:3      | Reached XP level 5. HP: 35/43 MP: 5/5
  2559 | D:3      | Found a shimmering altar of Xom.
  2661 | D:3      | Found a snail-covered altar of Cheibriados.
  3042 | D:4      | Reached skill level 5 in Fighting
  3084 | D:4      | Found a hide-covered altar of Uskayaw.
  3263 | D:4      | Found an ancient bone altar of Kikubaaqudgha.
  3306 | D:4      | Reached XP level 6. HP: 51/51 MP: 6/6
  4006 | D:5      | Entered Level 5 of the Dungeon
  4026 | D:5      | Noticed Blork the orc
  4034 | D:5      | Killed Blork the orc
  4035 | D:5      | Reached skill level 6 in Fighting
  4035 | D:5      | Reached skill level 5 in Axes
  4035 | D:5      | Gained mutation: You have a small tail. [demonic ancestry]
  4035 | D:5      | Reached XP level 7. HP: 55/58 MP: 7/7
  4055 | D:5      | Noticed Menkaure
  4062 | D:5      | Killed Menkaure
  4179 | D:5      | Found a sand-covered staircase.
  4190 | Ossuary  | Entered an ossuary
  4389 | D:5      | Reached skill level 7 in Fighting
  5142 | D:6      | Gained mutation: You are partially covered in sharp spines.
                  | [demonic ancestry]
  5142 | D:6      | Reached XP level 8. HP: 55/67 MP: 8/8
  5202 | D:6      | Found a stormy altar of Qazlal.
  5208 | D:6      | HP: 3/65 [acid dragon/splash of acid (23)]
  5210 | D:6      | Slain by an acid dragon

Illustrated notes

Levels and vault maps discovered:
D:1:      dpeg_arrival_snail, layout_basic, serial_curves, eino_curves_04,
          eino_curves_04, serial_shops, nicolae_shop_crystal,
          ebering_ecumenical_altar_box
D:2:      layout_basic, serial_bayou, serial_bayou_pond_b, serial_bayou_pond_c,
          serial_bayou_lake_a, serial_bayou_ford_a
D:3:      layout_loops_ring, chequers_temple_overflow_statue_of_worship,
          chei_slow_surprise, xom_teletrap_fun, ebering_ghost_rock_garden,
          minivault_26, hangedman_abyss_or_decor_stabs, grunt_ministairs_10
D:4:      wad_lake_hut, layout_basic, eat_drink_and_be_merry_uskayaw,
          kennysheep_little_box
D:5:      layout_loops_ring, enter_ossuary_3, uniq_blork_the_orc, uniq_menkaure
D:6:      layout_basic, bloody_trog, nicolae_overflow_crystal_walls,
          nicolae_overflow_hidden_temple, amcnicky_altar_gilded,
          mainiacjoe_overflow_boulevard, serial_demonic, serial_demonic_f,
          serial_demonic_b, serial_demonic_g, serial_demonic_a,
          serial_demonic_d, serial_demonic_b

Skill      XL: |  1  2  3  4  5  6  7 |
---------------+----------------------+-----
Axes           | 2 3 4 5 6 |  6.6
Fighting       | 4 5 6 7 |  7.6
Armour         | |  2.6
Shields        | |  2.6

Action                   |  1- 3 |  4- 6 |  7- 9 || total
-------------------------+-------+-------+-------++-------
Melee: War axe           |   112 |   142 |   149 ||   403
       Tailslap          |       |       |    21 ||    21
  Use: Potion            |       |       |     2 ||     2
Armor: Scale mail        |    55 |    68 |    69 ||   192
Dodge: Dodged            |    56 |    84 |    50 ||   190
Block: Buckler           |    25 |    38 |    20 ||    83

Table legend: (Time is in decaauts)
 A = Elapsed time spent in this place.
 B = Non-inter-level travel time spent in this place.
 C = Inter-level travel time spent in this place.
 D = Time resting spent in this place.
 E = Time spent auto-exploring this place.
 F = Levels seen in this place.
 G = Mean time per level.
                   A        B        C        D        E       F      G
               +--------+--------+--------+--------+--------+-----+--------+
         Total |   5448 |   5345 |    103 |      0 |   4388 |   7 |  778.3 |
       Dungeon |   5233 |   5130 |    103 |      0 |   4312 |   6 |  872.2 |
       Ossuary |    215 |    215 |      0 |      0 |     76 |   1 |  215.0 |
               +--------+--------+--------+--------+--------+-----+--------+

Top non-repeatable levels by time:
     D:3: 1217 daAuts
     D:4: 1047 daAuts
     D:2: 1025 daAuts
     D:5: 947 daAuts
     D:1: 916 daAuts
 Ossuary: 215 daAuts
     D:6: 78 daAuts
